 Dungeon Crawl Stone Soup version 0.28-a0-919-g0b5b508569 (webtiles) character file.

Game seed: 9436287667218180344

2 lunkers the Skirmisher (level 1, -4/20 HPs)
             Began as a Djinni Cinder Acolyte on Nov 25, 2021.
             Was a High Priest of Ignis.
             Slain by a gnoll (7 damage)
             ... on level 1 of the Dungeon.
             The game lasted 00:00:26 (115 turns).

lunkers the Skirmisher (Djinni Cinder Acolyte)       Turns: 115, Time: 00:00:27

Health: -4/20      AC:  2    Str: 13    XL:     1   Next: 33%
Gold:   6          EV: 11    Int: 15    God:    Ignis [*****.] SH:  0 Dex:  8

rFire   + + +      SeeInvis .   a - -1 short sword (flame)
rCold   x . .      Faith    .   (no shield)
rNeg    . . .      Spirit   .   b - +0 robe
rPois   ∞          Reflect  .   (no helmet)
rElec   .          Harm     .   (no cloak)
rCorr   .          Rampage  .   (no gloves)
Will    .....                   (boots unavailable)
Stlth   +.........              (no amulet)
HPRegen 0.06/turn               (no ring)
MPRegen 0.00/turn               (no ring)

@: flying
A: sickness immunity, fire resistance 2, cold vulnerability 1, float, innate
caster, hp casting, extra vitality 1
a: Renounce Religion, Fiery Armour, Foxfire Swarm, Rising Flame


You were on level 1 of the Dungeon.
You worshipped Ignis.
Ignis was extremely pleased with you.
You visited 1 branch of the dungeon, and saw 1 of its levels.

You collected 6 gold pieces.

Inventory:

Hand Weapons
 a - a -1 short sword of flaming (weapon)
Armour
 b - a +0 robe (worn)


   Skills:
 + Level 3.0 Fighting
 - Level 2.6 Short Blades
 * Level 2.5 Spellcasting


You had 3 spell levels left.
You knew the following spells:

 Your Spells              Type           Power      Damage    Failure   Level
p - Scorch                Fire           18%        2d6       12%         2
Your spell library was empty.

Dungeon Overview and Level Annotations

Branches:
Dungeon (1/15)

Altars:

Shops:
D:1 *


Innate Abilities, Weirdness & Mutations

You are immune to sickness and miasma.
You are immune to poison.
Your flesh is very heat resistant. (rF++)
You are vulnerable to cold. (rC-)
You float through the air rather than walking.
You learn spells naturally, not from books.
Your magical power is your life essence.
You have superior vitality. (+4 HP)


Message History

A giant cockroach is nearby!
A giant cockroach is nearby!
A giant cockroach is nearby!
A frilled lizard comes into view.
The frilled lizard hisses angrily.
The giant cockroach bites you but does no damage.
You hit the giant cockroach. You burn the giant cockroach.
You kill the giant cockroach!
A frilled lizard is nearby!
You hit the frilled lizard. You burn the frilled lizard.
You kill the frilled lizard!
Key pressed, stopping explore.
No target in view!
No target in view!
You now have 6 gold pieces.
You reach down and open the door.
There is an open door here.
A gnoll comes into view. It is wielding a +1 flail of venom.
The gnoll shouts!
The gnoll hits you with a +1 flail of venom.
A gnoll is nearby!
You hit the gnoll but do no damage.
The gnoll hits you with a +1 flail of venom!
* * * LOW HITPOINT WARNING * * *
The gnoll hits you with a +1 flail of venom!
* * * LOW HITPOINT WARNING * * *
There is an open door here.
You see here a giant cockroach corpse.
You see here a +0 leather armour.
You see here 19 arrows.
Found 13 gold pieces.
A hobgoblin comes into view.
There is a shaft here.
The hobgoblin hits you.
* * * LOW HITPOINT WARNING * * *
The hobgoblin hits you but does no damage.
The hobgoblin closely misses you.
Found 8 gold pieces.
The gnoll hits you with a +1 flail of venom!
You die...

#......♣..###.#
#.........# #.........#
#####.##..# #..#..#
##.#..# .....$..# #....#
........# ##...#
........########@..#
#..............g>.#
.............(...#####
#...........g.......
#.........##........
#####..^......##........
.......##............##.
#......##............#
##......................


You could see a gnoll and a hobgoblin.

Vanquished Creatures
  A giant cockroach (D:1)
  A frilled lizard (D:1)
2 creatures vanquished.

Notes
Turn   | Place    | Note
-------+----------+-------------------------------------------
     0 | D:1      | lunkers the Djinni Cinder Acolyte began the quest for the
                  | Orb.
     0 | D:1      | Reached XP level 1. HP: 20/20 MP: 0/0
    16 | D:1      | Found Hobi's General Store.
    55 | D:1      | HP: 1/20 [gnoll (7)]
   115 | D:1      | Slain by a gnoll

Illustrated notes

Levels and vault maps discovered:
D:1:      dpeg_arrival_stonehenge_8_columns, layout_basic,
          shapermc_ecumenical_altar_pompeii, serial_shops, nicolae_shop_trees

Action                   || total
-------------------------++-------
Melee: Short sword       ||     3
Armor: Robe              ||     2
Dodge: Dodged            ||     1

Table legend: (Time is in decaauts)
 A = Elapsed time spent in this place.
 B = Non-inter-level travel time spent in this place.
 C = Inter-level travel time spent in this place.
 D = Time resting spent in this place.
 E = Time spent auto-exploring this place.
 F = Levels seen in this place.
 G = Mean time per level.
                   A        B        C        D        E       F      G
               +--------+--------+--------+--------+--------+-----+--------+
         Total |    114 |    114 |      0 |      0 |     38 |   1 |  114.0 |
       Dungeon |    114 |    114 |      0 |      0 |     38 |   1 |  114.0 |
               +--------+--------+--------+--------+--------+-----+--------+

Top non-repeatable levels by time:
     D:1: 114 daAuts
